 Dungeon Crawl Stone Soup version 0.30-a0-368-g86fb4627a9 (webtiles) character file.

Game seed: 10705091670128488321

613 retardedninja the Shield-Bearer (level 7, -1/62 HPs)
             Began as a Minotaur Fighter on Nov 18, 2022.
             Slain by Grinder (2 damage)
             ... on level 4 of the Dungeon.
             The game lasted 00:04:25 (3317 turns).

retardedninja the Shield-Bearer (Minotaur Fighter)  Turns: 3317, Time: 00:04:25

Health: -1/62      AC:  8    Str: 21 (23) XL:     7   Next: 20%
Magic:  6/6        EV:  6    Int:  3 (5)  God:
Gold:   145        SH:  4    Dex:  8 (9)  Spells: 6/6 levels left

rFire   . . .      SeeInvis .    a - +0 war axe
rCold   . . .      Faith    .    c - +0 buckler
rNeg    . . .      Spirit   .    b - +0 scale mail
rPois   .          Reflect  .    (helmet restricted)
rElec   .          Harm     .    (no cloak)
rCorr   .          Rampage  .    w - +0 pair of gloves
Will    .....                    (no boots)
Stlth   ..........               (no amulet)
HPRegen 0.30/turn                (no ring)
MPRegen 0.10/turn                (no ring)

@: mighty, attractive, flying, hasted, constricted, very quick
A: horns 2, retaliatory headbutt
a: no special abilities


You were on level 4 of the Dungeon.
You visited 1 branch of the dungeon, and saw 4 of its levels.

You collected 145 gold pieces.

Inventory:

Hand Weapons
 a - a +0 war axe (weapon)
Armour
 b - a +0 scale mail (worn)
 c - a +0 buckler (worn)
 w - a +0 pair of gloves (worn)
Jewellery
 u - a ring of fire
Wands
 o - a wand of flame (28)
Scrolls
 f - a scroll of butterflies {unknown}
 j - 2 scrolls of teleportation
 k - 2 scrolls of amnesia {unknown}
 l - a scroll of brand weapon {unknown}
 m - a scroll of immolation {unknown}
 n - a scroll of magic mapping {unknown}
 q - a scroll of enchant armour {unknown}
 r - a scroll of identify {unknown}
 s - 2 scrolls of enchant weapon {unknown}
 v - a scroll of torment {unknown}
Potions
 e - a potion of heal wounds {unknown}
 g - 5 potions of flight
 p - a potion of degeneration
 t - a potion of invisibility {unknown}


   Skills:
 + Level 5.9 Fighting
 + Level 5.2 Axes
 + Level 5.9 Armour
 + Level 5.9 Shields


You had 6 spell levels left.
You didn't know any spells.
Your spell library contained the following spells:

 Spells                   Type           Power      Damage    Failure   Level
 Beastly Appendage        Tmut           0%         N/A       89%         1
 Wereblood                Tmut           0%         N/A       96%         2
 Ozocubu's Armour         Ice            0%         N/A       99%         3
 Spider Form              Tmut/Pois      0%         N/A       99%         3
 Ozocubu's Refrigeration  Ice            0%         4d7       100%        7


Dungeon Overview and Level Annotations

Branches:
Dungeon (4/15)
 Temple: D:4-7

Altars:

Annotations:
D:4 Grinder


Innate Abilities, Weirdness & Mutations

You have a pair of horns on your head.
You reflexively headbutt those who attack you in melee.


Message History

You closely miss the ball python. Grinder hits you!
* * * LOW HITPOINT WARNING * * *
You writhe in agony.
* * * LOW HITPOINT WARNING * * *
The ball python bites you but does no damage.
The ball python constricts you. Grinder gestures at you.
You resist with significant effort. You block the ball python's attack.
The ball python constricts you.
You barely miss Grinder.
Grinder is severely wounded.
You barely miss the ball python. You block the ball python's attack.
The ball python constricts you. Grinder gestures at you.
Pain shoots through your body!
* * * LOW HITPOINT WARNING * * *
It was a potion of flight.
You feel very buoyant.
You fly up into the air.
The ball python bites you but does no damage.
The ball python constricts you.
Grinder blinks!
It was a potion of degeneration.
There was something very wrong with that liquid.
You feel weakened.
You feel dopey.
You feel clumsy.
The ball python bites you but does no damage.
The ball python constricts you. Grinder gestures at you.
You struggle to resist.
You block the ball python's attack. The ball python constricts you.
It was a potion of haste.
You feel yourself speed up. Grinder gestures at you.
Pain shoots through your body!
* * * LOW HITPOINT WARNING * * *
The ball python bites you but does no damage.
The ball python constricts you.
Unknown command.
It was a potion of attraction.
You feel attractive to monsters. Grinder hits you.
You die...

.#.#.#.......#
......####...# #
.#.#.## ##..# .#
......# ##)## #.##
.#.#.### #...# #...#
.......####..## #...
.#.#.#..##...# #..#
......#......####S.#
.#.#.#..........@.#
####...........5..#
###...........##
###.######### ### #
# ## #### .#####..##


You could see Grinder and a ball python.

Vanquished Creatures
  The ghost of Foolio the Sneak, an amateur FeVM of Dithmenos (D:3)
  A phantom (D:4)
  A necrophage (D:4)
  A water moccasin zombie (D:3)
  A water moccasin skeleton (D:3)
  A centaur zombie (D:3)
  A killer bee zombie (D:3)
  3 gnolls (D:2)
  8 adders
  A worm (D:2)
  5 dart slugs
  9 orcs (D:3)
  12 endoplasms
  4 giant cockroaches
  8 goblins
  10 hobgoblins
  7 jackals (D:2)
  7 ball pythons
  15 bats
  2 frilled lizards
  3 rats
101 creatures vanquished.

Notes
Turn   | Place    | Note
-------+----------+-------------------------------------------
     0 | D:1      | retardedninja the Minotaur Fighter began the quest for the
                  | Orb.
     0 | D:1      | Reached XP level 1. HP: 19/19 MP: 0/0
    89 | D:1      | Reached XP level 2. HP: 27/27 MP: 1/1
   311 | D:1      | Reached XP level 3. HP: 29/33 MP: 2/2
   455 | D:1      | Found a faded altar of an unknown god.
   634 | D:2      | Reached XP level 4. HP: 40/40 MP: 3/3
  1151 | D:2      | Reached XP level 5. HP: 36/47 MP: 4/4
  1868 | D:3      | Identified the +3 spear of Wisdom {vorpal, rF+}
  1939 | D:3      | Found a runed translucent gate.
  1939 | D:3      | Found a runed translucent gate.
  1939 | D:3      | Found a runed translucent gate.
  1944 | D:3      | Noticed Foolio's ghost (amateur FeVM)
  2551 | D:3      | Killed Foolio's ghost
  2552 | D:3      | Reached skill level 5 in Fighting
  2552 | D:3      | Reached skill level 5 in Armour
  2552 | D:3      | Reached skill level 5 in Shields
  2552 | D:3      | Reached XP level 6. HP: 45/56 MP: 5/5
  2922 | D:4      | Reached skill level 5 in Axes
  2922 | D:4      | Reached XP level 7. HP: 54/62 MP: 6/6
  3303 | D:4      | Noticed Grinder
  3313 | D:4      | HP: 3/62 [Grinder/nerve-wracking pain (12)]
  3316 | D:4      | HP: 1/62 [Grinder/nerve-wracking pain (3)]
  3317 | D:4      | Slain by Grinder

Illustrated notes

Levels and vault maps discovered:
D:1:      spicycebolla_green_bress_n_ham, layout_basic,
          ebering_ecumenical_altar_abandoned
D:2:      kennysheep_six_static_rooms, layout_rooms, minmay_stone_trees_small,
          nicolae_eternal_life
D:3:      layout_basic, gammafunk_ghost_necromancy
D:4:      layout_layer_cave, st_stairs_11, uniq_edmund, uniq_grinder

Skill      XL: |  1  2  3  4  5  6 |
---------------+-------------------+-----
Shields        | 4 5 |  5.9
Fighting       | 4 5 |  5.9
Armour         | 4 5 |  5.9
Axes           | 3 4 5 |  5.2

Action                   |  1- 3 |  4- 6 |  7- 9 || total
-------------------------+-------+-------+-------++-------
Melee: War axe           |    59 |   107 |    23 ||   189
       Headbutt          |     4 |    14 |     2 ||    20
  Use: Potion            |       |       |     5 ||     5
       Scroll            |       |       |     1 ||     1
Armor: Scale mail        |    42 |    52 |    14 ||   108
Dodge: Dodged            |    31 |    71 |    11 ||   113
Block: Buckler           |    15 |    30 |     5 ||    50

Table legend: (Time is in decaauts)
 A = Elapsed time spent in this place.
 B = Non-inter-level travel time spent in this place.
 C = Inter-level travel time spent in this place.
 D = Time resting spent in this place.
 E = Time spent auto-exploring this place.
 F = Levels seen in this place.
 G = Mean time per level.
                   A        B        C        D        E       F      G
               +--------+--------+--------+--------+--------+-----+--------+
         Total |   3380 |   3318 |     62 |    791 |   2000 |   4 |  845.0 |
       Dungeon |   3380 |   3318 |     62 |    791 |   2000 |   4 |  845.0 |
               +--------+--------+--------+--------+--------+-----+--------+

Top non-repeatable levels by time:
     D:2: 1239 daAuts
     D:3: 1093 daAuts
     D:1: 619 daAuts
     D:4: 428 daAuts
